 Dungeon Crawl Stone Soup version 0.29-a0-323-g050149af67 (webtiles) character file.

Game seed: 10034255669123913795

25 greenreed the Insei (level 3, 0/28 HPs)
             Began as a Gnoll Transmuter on Apr 10, 2022.
             Succumbed to an adder's poison
             ... on level 2 of the Dungeon.
             The game lasted 00:03:49 (1399 turns).

greenreed the Insei (Gnoll Transmuter)              Turns: 1399, Time: 00:03:49

Health: 0/28       AC:  2    Str:  7 (9)  XL:     3   Next: 6%
Magic:  9/9        EV: 13    Int: 13 (14) God:
Gold:   56         SH:  0    Dex:  9 (12) Spells: 8/12 levels left

rFire   . . .      SeeInvis .   c - +0 whip
rCold   . . .      Faith    .   (no shield)
rNeg    . . .      Spirit   .   a - +0 robe
rPois   .          Reflect  .   (helmet currently unavailable)
rElec   .          Harm     .   (no cloak)
rCorr   .          Rampage  .   (no gloves)
Will    .....                   (boots currently unavailable)
Stlth   +.........              (no amulet)
HPRegen 0.09/turn               (no ring)
MPRegen 0.11/turn               (no ring)

@: lethally poisoned (0 -> -5), appendages (expiring), invisible
A: horns 2, talons 2, fangs 1, strong nose, distributed training
a: End Transformation


You were on level 2 of the Dungeon.
You had temporarily grown beastly horns and talons.
You visited 1 branch of the dungeon, and saw 2 of its levels.

You collected 56 gold pieces.

Inventory:

Hand Weapons
 c - a +0 whip (weapon)
Missiles
 d - 7 poisoned darts
Armour
 a - a +0 robe (worn)
Scrolls
 f - a scroll of magic mapping {unknown}
 g - 2 scrolls of identify {unknown}
 j - a scroll of fog {unknown}
 l - a scroll of brand weapon {unknown}
 m - a scroll of enchant armour {unknown}
 n - a scroll of teleportation {unknown}
Potions
 b - a potion of lignification
 h - 2 potions of degeneration
 i - a potion of heal wounds {unknown}
 k - a potion of flight {unknown}


   Skills:
 + Level 2.5 Fighting
 + Level 0.6 Short Blades
 + Level 0.6 Long Blades
 + Level 0.6 Axes
 + Level 0.6 Maces & Flails
 + Level 0.6 Polearms
 + Level 0.6 Staves
 + Level 0.6 Slings
 + Level 0.6 Bows
 + Level 0.6 Crossbows
 + Level 0.6 Throwing
 + Level 0.6 Armour
 + Level 4.5 Dodging
 + Level 0.6 Stealth
 + Level 0.6 Shields
 + Level 6.5 Unarmed Combat
 + Level 5.0 Spellcasting
 + Level 0.4 Conjurations
 + Level 0.4 Hexes
 + Level 0.4 Summonings
 + Level 0.4 Necromancy
 + Level 0.4 Translocations
 + Level 3.7 Transmutations
 + Level 0.4 Fire Magic
 + Level 0.4 Ice Magic
 + Level 0.4 Air Magic
 + Level 0.4 Earth Magic
 + Level 0.4 Poison Magic
 + Level 0.8 Invocations
 + Level 0.6 Evocations


You had 8 spell levels left.
You knew the following spells:

 Your Spells              Type           Power      Damage    Failure   Level
a - Beastly Appendage     Tmut           26%        N/A       4%          1
b - Wereblood             Tmut           13%        N/A       6%          2
c - Magic Dart            Conj           16%        1d3       16%         1

Your spell library contained the following spells:

 Spells                   Type           Power      Damage    Failure   Level
 Call Imp                 Summ           4%         N/A       24%         2
 Static Discharge         Conj/Air       4%         N/A       24%         2
 Spider Form              Tmut/Pois      8%         N/A       24%         3
 Mephitic Cloud           Conj/Pois/Air  4%         N/A       43%         3
 Ice Form                 Ice/Tmut       8%         N/A       61%         4
 Dispel Undead            Necr           4%         3d7       83%         4
 Sticky Flame             Conj/Fire      4%         2d3       83%         4


Dungeon Overview and Level Annotations

Branches:
Dungeon (2/15)

Altars:


Innate Abilities, Weirdness & Mutations

You have temporarily grown beastly horns and talons.
You have very sharp teeth.
Your uncanny sense of smell can sniff out nearby items.
Your experience applies equally to all skills.


Message History

You feel sick. The adder misses you. x2
You hit the adder but do no damage. Your kick misses the adder.
The adder is lightly wounded.
You feel sick. The adder bites you but does no damage.
You miss the adder. Your kick misses the adder. Your headbutt misses the adder.
The adder is lightly wounded.
You feel sick. The adder misses you. The adder bites you but does no damage.
You hit the adder. Your kick misses the adder.
The adder is moderately wounded.
You feel sick. The adder barely misses you.
You hit the adder. Your headbutt misses the adder. Your bite misses the adder.
The adder is moderately wounded.
Your transformation is almost over.
You feel sick.
You are no longer poisoned.
The adder barely misses you.
You closely miss the adder. Your bite misses the adder.
The adder is moderately wounded.
The adder bites you.
* * * LOW HITPOINT WARNING * * *
The adder closely misses you.
You hit the adder. Your kick misses the adder.
You punch the adder, but do no damage.
The adder is heavily wounded.
The adder closely misses you.
You miss the adder. Your kick misses the adder. Your headbutt misses the adder.
The adder is heavily wounded.
The adder bites you.
* * * LOW HITPOINT WARNING * * *
You are lethally poisoned!
The adder poisons you! The adder bites you.
* * * LOW HITPOINT WARNING * * *
It was a potion of degeneration.
There was something very wrong with that liquid.
You feel weakened.
You feel dopey.
You feel clumsy.
* * * LOW HITPOINT WARNING * * *
You feel sick. The adder barely misses you.
It was a potion of invisibility.
You fade into invisibility!
You die...

#.# #.........
#.#########.#.##.
#.......# #.#.##<
#.#####.# #......
#.#####>#####.##.
#................
#.#####.###......
####.###.#####.
#.##...
......S@.......#
# ####
####.##.########
#.# #.. ##. .# ..
.#


You could see an adder (can't see you).

Vanquished Creatures
  A dart slug (D:1)
  An endoplasm (D:1)
  A giant cockroach (D:2)
  3 goblins (D:1)
  A hobgoblin (D:1)
  A quokka (D:1)
  2 ball pythons (D:1)
  3 bats (D:1)
  2 frilled lizards (D:1)
  4 kobolds
  5 rats
24 creatures vanquished.

Notes
Turn   | Place    | Note
-------+----------+-------------------------------------------
     0 | D:1      | greenreed the Gnoll Transmuter began the quest for the Orb.
     0 | D:1      | Reached XP level 1. HP: 17/17 MP: 6/6
   321 | D:1      | Reached XP level 2. HP: 23/23 MP: 5/7
   335 | D:1      | Learned a level 2 spell: Wereblood
   584 | D:1      | Learned a level 1 spell: Magic Dart
  1298 | D:2      | Reached XP level 3. HP: 27/28 MP: 9/9
  1320 | D:2      | Reached skill level 5 in Spellcasting
  1398 | D:2      | HP: 1/28 [poisoned by an adder]
  1399 | D:2      | Succumbed to an adder's poison

Illustrated notes

Levels and vault maps discovered:
D:1:      lightli_arrival_statuegarden, layout_basic
D:2:      layout_loops_cross, shapermc_ecumenical_altar_mp_vishouse,
          minmay_small_reverse_x

Skill      XL: |  1  2  3 |
---------------+----------+-----
Spellcasting   | 5 |  5.0
Fighting       | |  2.5
Short Blades   | |  0.6
Long Blades    | |  0.6
Axes           | |  0.6
Maces & Flails | |  0.6
Polearms       | |  0.6
Staves         | |  0.6
Slings         | |  0.6
Bows           | |  0.6
Crossbows      | |  0.6
Throwing       | |  0.6
Armour         | |  0.6
Dodging        | |  4.5
Stealth        | |  0.6
Shields        | |  0.6
Unarmed Combat | |  6.5
Conjurations   | |  0.4
Hexes          | |  0.4
Summonings     | |  0.4
Necromancy     | |  0.4
Translocations | |  0.4
Transmutations | |  3.7
Fire Magic     | |  0.4
Ice Magic      | |  0.4
Air Magic      | |  0.4
Earth Magic    | |  0.4
Poison Magic   | |  0.4
Invocations    | |  0.8
Evocations     | |  0.6

Action                   || total
-------------------------++-------
Melee: Unarmed           ||    10
       Whip              ||    63
       Kick              ||     8
       Bite              ||     2
       Punch             ||     4
       Headbutt          ||     3
 Cast: Beastly Appendage ||    12
       Magic Dart        ||     6
       Wereblood         ||     1
  Use: Potion            ||     2
Armor: Robe              ||    16
Dodge: Dodged            ||    56

Table legend: (Time is in decaauts)
 A = Elapsed time spent in this place.
 B = Non-inter-level travel time spent in this place.
 C = Inter-level travel time spent in this place.
 D = Time resting spent in this place.
 E = Time spent auto-exploring this place.
 F = Levels seen in this place.
 G = Mean time per level.
                   A        B        C        D        E       F      G
               +--------+--------+--------+--------+--------+-----+--------+
         Total |   1402 |   1366 |     36 |      0 |   1149 |   2 |  701.0 |
       Dungeon |   1402 |   1366 |     36 |      0 |   1149 |   2 |  701.0 |
               +--------+--------+--------+--------+--------+-----+--------+

Top non-repeatable levels by time:
     D:1: 1270 daAuts
     D:2: 131 daAuts
